 Dungeon Crawl Stone Soup version 0.20.1-1-g8b1a95d (webtiles) character file.

4285 dvd the Quickloader (level 10, -11/86 HPs)
             Began as a Minotaur Wanderer on Aug 7, 2017.
             Was a Priest of Makhleb.
             Killed from afar by Erica (30 damage)
             ... with an orb of energy
             ... on level 9 of the Dungeon.
             The game lasted 00:24:37 (9114 turns).

dvd the Quickloader (Minotaur Wanderer)             Turns: 9114, Time: 00:24:38

Health: -11/86     AC:  8    Str: 17    XL:     10   Next: 10%
Magic:  9/9        EV: 14    Int: 11    God:    Makhleb [***...]
Gold:   379        SH:  0    Dex: 16    Spells: 9/9 levels left

rFire    . . .     SeeInvis .   b - +10 trident of Darkness {freeze, rElec rC+ Int+2 Dex+3}
rCold    + . .     Gourm    .   (no shield)
rNeg     . . .     Faith    .   n - +0 ring mail
rPois    .         Spirit   .   (helmet restricted)
rElec    +         Reflect  .   (no cloak)
rCorr    .         Harm     .   (no gloves)
MR       .....                  M - +1 pair of boots
Stlth    +.........             q - amulet of magic regeneration
Regen    0.3/turn               (no ring)
MPRegen  0.2/turn               (no ring)

@: lethally poisoned (-11 -> -24)
A: retaliatory headbutt, horns 2
a: Minor Destruction, Lesser Servant of Makhleb, Renounce Religion


You were on level 9 of the Dungeon.
You worshipped Makhleb.
Makhleb was most pleased with you.
You were hungry.

You visited 2 branches of the dungeon, and saw 10 of its levels.
You also visited: Ossuary.

You collected 379 gold pieces.

Inventory:

Hand Weapons
 a - a +2 hand crossbow
 b - the +10 trident of Darkness (weapon) {freeze, rElec rC+ Int+2 Dex+3}
   (You found it on level 8 of the Dungeon)

   It has been specially enchanted to freeze those struck by it, causing extra
   injury to most foes and up to half again as much damage against particularly
   susceptible opponents.
   It can also slow down cold-blooded creatures.
   It affects your intelligence (+2).
   It affects your dexterity (+3).
   It protects you from cold.
   It insulates you from electricity.
 d - a +1 dagger of venom
 o - a +3 war axe
 s - a +3 whip
 v - a +2 whip of electrocution
 K - a +0 flail of holy wrath
Missiles
 e - 61 bolts
 G - 99 arrows
Armour
 n - a +0 ring mail (worn)
 y - a +0 chain mail
 M - a +1 pair of boots (worn)
Magical Staves
 L - an uncursed staff of poison
Jewellery
 q - an amulet of magic regeneration (around neck)
Wands
 u - a wand of random effects (19/48)
 w - a wand of digging (17/24)
 F - a wand of digging (13/24)
 P - a wand of iceblast (5/15)
Scrolls
 h - a scroll of magic mapping
 m - 5 scrolls of blinking
 r - 7 scrolls of identify
 t - 4 scrolls of remove curse
 J - a scroll of teleportation
Potions
 g - 5 potions of mutation {unknown}
 j - 4 potions of curing {unknown}
 l - 2 potions of invisibility {unknown}
 p - 3 potions of haste
 z - a potion of experience {unknown}
 D - 5 potions of might {unknown}
 O - a potion of berserk rage {unknown}
Comestibles
 f - 9 bread rations
 i - 5 royal jellies
 k - 6 fruits
 N - 5 meat rations


   Skills:
 + Level 7.5 Fighting
 + Level 1.9 Short Blades
 + Level 0.8(4.7) Axes
 + Level 7.4(7.5) Maces & Flails
 + Level 0.5(1.0) Polearms
 + Level 0.5(4.6) Staves
 + Level 9.7 Crossbows
 + Level 7.1 Armour
 + Level 6.0 Dodging
 + Level 1.8 Stealth
   Level 1.2 Shields
 + Level 1.0 Evocations


You had 9 spell levels left.
You didn't know any spells.

Dungeon Overview and Level Annotations

Branches:
Dungeon (9/15)             Temple (1/1) D:7            Lair (0/6) D:8
    Orc: D:9-12

Altars:
Ashenzari
Cheibriados
Dithmenos
Elyvilon
Fedhas
Gozag
Hepliaklqana
Kikubaaqudgha
Makhleb
Nemelex Xobeh
Okawaru
Qazlal
Ru
Sif Muna
Trog
Uskayaw
Vehumet
Xom
Yredelemnul
Zin
The Shining One

Shops:
D:4 }

Annotations:
D:8 exclusion: oklob plant
D:9 Erica, Erolcha, Prince Ribbit


Innate Abilities, Weirdness & Mutations

You reflexively headbutt those who attack you in melee.
You have a pair of horns on your head.


Message History

You feel strangely unstable.
You feel sick. Something hits you! Something burns you.
You feel sick.
You hear some strange, mumbled words.
Something tries to affect you, but you resist.
You see here 2 arrows.
Your surroundings suddenly seem different.
You feel sick. Something hits you but does no damage.
Found 9 gold pieces.
You feel sick.
You hear some strange, mumbled words.
A bolt of poison appears from out of thin air!
The bolt of poison hits you!
You are more poisoned.
* * * LOW HITPOINT WARNING * * *
You feel much better.
You feel sick.
You hear some strange, mumbled words.
An orb of energy appears from out of thin air!
The orb of energy hits you!
You die...

####### ###......
############ #.'......
#..<.?.....#####.#......
#..........##((..#....<.
#..........##(####......
#......@...##.# #......
#..........##.# #......
#..........##(# #......
#...((.(((..((# #......
#..........#### #......
#........(.# ##+####
#########.## #.# ..# #.#
...$ #.##


There were no monsters in sight!

Vanquished Creatures
  A two-headed ogre (D:8)
  Pikel (D:5)
  Duvessa (D:7)
  2 ice beasts (D:7)
  An orc warrior (D:8)
  A necrophage (D:6)
  A phantom (D:6)
  7 ogres
  3 centaurs
  4 bullfrogs
  Blork the orc (D:4)
  Dowan (D:7)
  3 killer bees (D:8)
  5 crimson imps
  A bullfrog zombie (D:7)
  A centaur zombie (Ossuary)
  5 orc priests
  4 hounds
  A bullfrog skeleton (D:5)
  3 jellies
  4 orc wizards
  Ijyb (D:3)
  2 iguanas
  4 worker ants
  A killer bee zombie (D:5)
  3 big kobold zombies (Ossuary)
  A hound zombie (D:8)
  4 mummies (Ossuary)
  A worker ant zombie (D:5)
  9 adders
  A howler monkey skeleton (D:7)
  5 shadow imps
  3 oozes
  An adder skeleton (D:8)
  4 worms
  A dart slug (D:3)
  4 leopard geckos
  22 orcs
  2 ball pythons
  3 giant cockroaches
  8 goblins
  8 hobgoblins
  6 jackals
  A quokka (D:4)
  3 bats
  6 frilled lizards
  4 hobgoblin zombies (Ossuary)
  4 kobolds
  15 rats
178 creatures vanquished.

Vanquished Creatures (others)
  A bullfrog skeleton (D:5)
1 creature vanquished.

Grand Total: 179 creatures vanquished

Notes
Turn   | Place    | Note
-------+----------+-------------------------------------------
     0 | D:1      | dvd the Minotaur Wanderer began the quest for the Orb.
     0 | D:1      | dvd set off with: a +2 hand crossbow, 28 bolts, 2 potions of lignification, a +0 robe, a bread ration
     0 | D:1      | Reached XP level 1. HP: 16/16 MP: 0/0
   309 | D:1      | Reached XP level 2. HP: 23/23 MP: 1/1
   527 | D:1      | Reached skill level 5 in Dodging
  1063 | D:2      | Reached XP level 3. HP: 26/28 MP: 2/2
  1392 | D:2      | Reached skill level 3 in Crossbows
  1718 | D:3      | Reached XP level 4. HP: 22/35 MP: 3/3
  2025 | D:3      | Reached skill level 1 in Maces & Flails
  2295 | D:3      | Found an opulent altar of Gozag.
  2295 | D:3      | Found a burning altar of Makhleb.
  2296 | D:3      | Found a shattered altar of Ashenzari.
  2311 | D:3      | Became a worshipper of Makhleb the Destroyer
  2325 | D:3      | Reached skill level 1 in Armour
  2349 | D:3      | Noticed Ijyb
  2355 | D:3      | Killed Ijyb
  2355 | D:3      | Reached skill level 4 in Crossbows
  2355 | D:3      | Reached XP level 5. HP: 41/41 MP: 4/4
  2827 | D:4      | Noticed Blork the orc
  2839 | D:4      | Killed Blork the orc
  2914 | D:4      | Reached XP level 6. HP: 32/48 MP: 5/5
  3033 | D:4      | Reached skill level 5 in Crossbows
  3050 | D:4      | Found Cahoy's Gadget Boutique.
  3196 | D:4      | Reached * piety under Makhleb
  3359 | D:4      | Reached XP level 7. HP: 51/56 MP: 6/6
  3429 | D:4      | Reached skill level 6 in Crossbows
  3954 | D:5      | Entered Level 5 of the Dungeon
  4191 | D:5      | Found a sand-covered staircase.
  4199 | Ossuary  | Entered an ossuary
  4645 | D:5      | Reached skill level 7 in Crossbows
  4678 | D:5      | Noticed Pikel
  4690 | D:5      | Killed Pikel
  4690 | D:5      | Reached skill level 5 in Armour
  4690 | D:5      | Reached skill level 1 in Stealth
  4690 | D:5      | Reached XP level 8. HP: 50/67 MP: 7/7
  4853 | D:5      | Reached skill level 5 in Fighting
  5071 | D:5      | Found a glowing silver altar of Zin.
  5291 | D:6      | Reached ** piety under Makhleb
  5499 | D:6      | Reached skill level 5 in Maces & Flails
  5787 | D:6      | Reached skill level 8 in Crossbows
  5787 | D:6      | Reached XP level 9. HP: 55/72 MP: 8/8
  5839 | D:6      | Found a sparkling altar of Nemelex Xobeh.
  6773 | D:7      | Found a staircase to the Ecumenical Temple.
  6778 | Temple   | Entered the Ecumenical Temple
  7149 | D:7      | Noticed Duvessa
  7149 | D:7      | Noticed Dowan
  7164 | D:7      | Killed Duvessa
  7168 | D:7      | Killed Dowan
  7292 | D:8      | Noticed a two-headed ogre
  7517 | D:7      | Reached skill level 9 in Crossbows
  8210 | D:8      | Reached *** piety under Makhleb
  8246 | D:8      | Killed a two-headed ogre
  8246 | D:8      | Reached XP level 10. HP: 60/84 MP: 9/9
  8377 | D:8      | Found a staircase to the Lair.
  8401 | D:8      | Got a faintly glowing trident
  8409 | D:8      | Identified the +10 trident of Darkness {freeze, rElec rC+ Int+2 Dex+3} (You found it on level 8 of the Dungeon)
  8498 | D:8      | Found a blossoming altar of Fedhas.
  8517 | D:8      | Noticed an oklob plant
  8819 | D:9      | Noticed Erolcha
  8819 | D:9      | Noticed Erica
  8939 | D:9      | Noticed Prince Ribbit
  9114 | D:9      | Killed from afar by Erica

Skill      XL: |  1  2  3  4  5  6  7  8  9 |
---------------+----------------------------+-----
Dodging        | 5 6 |  6.0
Crossbows      | 3 4 5 7 8 9 |  9.7
Maces & Flails | 1 2 3 4 5 7 |  7.4
Armour         | 1 2 3 5 7 |  7.1
Fighting       | 2 4 5 7 |  7.5
Stealth        | 1 |  1.8
Short Blades   | |  1.9
Axes           | |  0.8
Polearms       | |  0.5
Staves         | |  0.5
Shields        | |  1.2
Evocations     | |  1.0

Action                   |  1- 3 |  4- 6 |  7- 9 | 10-12 || total
-------------------------+-------+-------+-------+-------++-------
Melee: Club              |    13 |       |       |       ||    13
       Whip              |     9 |    38 |   114 |       ||   161
       Headbutt          |     2 |     7 |    51 |     3 ||    63
       Dagger            |       |    19 |    23 |       ||    42
       Flail             |       |     4 |    73 |       ||    77
       Staff             |       |       |    26 |       ||    26
       War axe           |       |       |     4 |       ||     4
       Trident           |       |       |       |    21 ||    21
 Fire: Hand crossbow     |    57 |    56 |   120 |    22 ||   255
  Use: Scroll            |       |       |    14 |     2 ||    16
       Potion            |       |       |       |     2 ||     2
 Stab: Sleeping          |     1 |       |       |       ||     1
  Eat: Chunk             |     2 |     5 |    10 |     3 ||    20
       Meat ration       |       |       |     1 |       ||     1
Armor: Robe              |     3 |       |       |       ||     3
       Ring mail         |     2 |    14 |    56 |     5 ||    77
Dodge: Dodged            |    26 |    51 |   153 |    21 ||   251
